Map: 永恒梦境-天梯版

Players

DPGPartinG (PartinG)

  • Race: Protoss Protoss
  • League: Grandmaster
  • Spawn Location: 7:00

INnoVation - Winner!

  • Race: Terran Terran
  • League: Grandmaster
  • Spawn Location: 1:00

VOD

Have the link to the VOD?

Description

Time

  • Played on: Sept. 7, 2020, 6:25 a.m.
  • Length: 11:10
Show
View Real Time Build Order
Export as new Build Order

DPGPartinG Protoss 

Build Orders: 1 Gate Expand, Blink Stalkers, Colossus Rush 

Get SALT Encoding   

  12  0:00  Probe  
  13  0:12  Probe  
  14  0:17  Pylon  
  14  0:24  Probe (Chrono Boost)  
  16  0:36  Probe (Chrono Boost), Gateway  
  16  0:43  Probe (Chrono Boost)  
  16  0:45  Assimilator  
  17  0:51  Probe  
  18  1:03  Probe  
  19  1:15  Probe  
  20  1:23  Cybernetics Core  
  20  1:31  Nexus  
  20  1:34  Probe  
  21  1:40  Pylon  
  21  1:47  Assimilator  
  21  1:48  Probe  
  22  1:57  Adept (Chrono Boost)  
  24  2:03  Shield Battery  
  24  2:04  Probe  
  25  2:11  Warp Gate  
  25  2:17  Stalker (Chrono Boost)  
  25  2:19  Probe  
  28  2:31  Probe  
  29  2:42  Twilight Council  
  29  2:43  Probe (Chrono Boost)  
  31  2:49  Probe (Chrono Boost)  
  31  2:53  Probe (Chrono Boost)  
  31  2:57  Probe (Chrono Boost)  
  31  2:58  Probe (Chrono Boost), Stalker  
  35  3:03  Robotics Facility  
  36  3:08  Probe  
  36  3:10  Probe  
  38  3:19  Blink (Chrono Boost)  
  38  3:22  Probe x2  
  38  3:34  Gateway  
  38  3:35  Gateway  
  38  3:36  Probe  
  38  3:37  Probe  
  38  3:41  Assimilator  
  40  3:43  Assimilator  
  40  3:48  Probe  
  40  3:49  Probe  
  40  3:51  Observer  
  40  3:55  Pylon  
  43  3:57  Pylon  
  43  4:00  Probe, Sentry  
  46  4:10  Pylon  
  46  4:13  Probe x2  
  46  4:15  Pylon  
  46  4:16  Observer  
  49  4:22  Phoenix  
  49  4:25  Probe x2, Robotics Bay  
  49  4:29  Stalker  
  53  4:43  Observer x2  
  53  4:44  Probe x2  
  56  4:54  Stalker  
  56  4:55  Stalker  
  56  4:57  Probe x2  
  62  5:00  Nexus  
  62  5:01  Pylon  
  62  5:07  Observer  
  62  5:12  Probe x2, Colossus (Chrono Boost)  
  64  5:17  Extended Thermal Lance (Chrono Boost)  
  64  5:19  Observer  
  70  5:22  Stalker  
  70  5:26  Pylon  
  72  5:29  Probe  
  72  5:30  Probe  
  72  5:34  Stalker  
  76  5:37  Stalker  
  78  5:45  Gateway  
  78  5:46  Gateway  
  78  5:55  Colossus (Chrono Boost)  
  78  5:58  Probe  
  78  5:59  Probe  
  78  6:02  Sentry  
  88  6:06  Shield Battery  
  88  6:08  Charge (Chrono Boost)  
  88  6:10  Probe  
  88  6:11  Probe  
  90  6:15  Pylon  
  90  6:17  Probe  
  91  6:19  Sentry  
  91  6:20  Zealot  
  91  6:23  Probe  
  96  6:25  Forge  
  96  6:27  Probe  
  96  6:32  Colossus (Chrono Boost)  
  97  6:35  Probe  
  104  6:40  Zealot x2  
  104  6:42  Probe  
  104  6:44  Zealot  
  111  6:48  Protoss Ground Weapons Level 1  
  111  6:51  Zealot x2  
  115  6:56  Gateway  
  115  6:58  Gateway  
  115  7:02  Zealot, Observer  
  115  7:05  Pylon  
  115  7:07  Pylon  
  117  7:11  Shield Battery  
  115  7:18  Stalker  
  117  7:23  Warp Prism (Chrono Boost)  
  117  7:25  Zealot x4  
  117  7:27  Observer  
  103  7:45  Zealot x4, Observer  
  103  7:46  Zealot  
  103  7:50  Probe x2  
  103  7:51  Probe  
  116  7:55  Observer  
  116  7:56  Disruptor (Chrono Boost), Sentry  
  116  7:57  Sentry  
  123  7:59  Assimilator  
  123  8:00  Assimilator  
  123  8:02  Probe  
  123  8:03  Probe x2  
  123  8:04  Pylon  
  125  8:05  Nexus  
  125  8:11  Pylon  
  125  8:14  Robotics Facility  
  125  8:20  Probe x3, Pylon  
  128  8:27  Zealot x4  
  128  8:28  Zealot  
  128  8:33  Gateway  
  110  8:56  Disruptor (Chrono Boost)  
  110  8:57  Stalker  
  110  8:58  Zealot x4, Stalker x2  
  110  8:59  Disruptor (Chrono Boost)  
  126  9:23  Zealot x7  
  134  9:32  Zealot  
  134  9:33  Disruptor (Chrono Boost)  
  134  9:34  Disruptor (Chrono Boost)  
  130  9:45  Zealot x7  
  129  9:49  Templar Archives  
  128  9:53  Shield Battery  
  128  9:55  Shield Battery  
  122  10:02  Stalker  
  110  10:09  Zealot, Stalker x2  
  110  10:10  Zealot x2  
  113  10:15  Sentry x2  
  116  10:28  Zealot  
  116  10:30  High Templar x2  
  116  10:31  Zealot  
  116  10:34  Archon  
  124  10:39  Zealot x2  
  83  10:50  Zealot  
  83  10:51  Zealot  
  79  10:59  Zealot  
  79  11:00  Zealot  
  58  11:04  Stalker x2  
Show
View Real Time Build Order
Export as new Build Order

INnoVation Terran - Winner!

Build Orders: Reaper Expand 

Get SALT Encoding   

  12  0:00  SCV  
  13  0:12  SCV  
  14  0:16  Supply Depot  
  14  0:24  SCV  
  15  0:38  SCV  
  15  0:39  Barracks  
  16  0:43  Refinery  
  16  0:50  SCV  
  17  1:02  SCV  
  18  1:14  SCV  
  19  1:26  Orbital Command, Reaper  
  20  1:49  Command Center  
  20  1:54  SCV, Supply Depot  
  21  1:58  Marine  
  22  2:06  SCV  
  23  2:09  Factory  
  23  2:19  SCV  
  23  2:20  Bunker  
  23  2:21  Barracks Reactor  
  24  2:27  Refinery  
  24  2:31  SCV  
  25  2:43  SCV  
  26  2:54  Hellion  
  26  2:55  SCV, Starport  
  29  2:58  Marine  
  30  3:08  SCV  
  31  3:16  Factory Tech Lab  
  31  3:19  Marine x2  
  33  3:20  Orbital Command  
  33  3:28  SCV  
  34  3:37  Marine x2  
  36  3:41  SCV  
  36  3:42  Factory Tech Lab, Raven  
  36  3:46  SCV  
  36  3:48  Barracks, Supply Depot  
  40  3:53  SCV  
  41  3:57  Marine  
  41  3:58  SCV  
  44  4:08  Siege Tank  
  44  4:09  Barracks  
  46  4:12  SCV, Supply Depot  
  46  4:13  SCV  
  46  4:15  Marine x2  
  50  4:21  Refinery  
  50  4:24  SCV  
  50  4:25  SCV  
  50  4:31  Engineering Bay  
  52  4:36  Marine x2, SCV  
  52  4:37  SCV  
  56  4:38  Supply Depot  
  56  4:41  Siege Tank  
  58  4:47  Stimpack  
  58  4:48  Marine  
  58  4:51  SCV x2  
  61  4:53  Supply Depot  
  61  5:02  Supply Depot  
  61  5:03  Marine, Terran Infantry Weapons Level 1, SCV x2  
  61  5:06  Marine  
  65  5:11  Starport Reactor  
  66  5:20  Marauder  
  65  5:21  Marauder  
  65  5:22  Marine  
  65  5:24  Marine  
  65  5:25  SCV x2  
  71  5:29  Supply Depot  
  71  5:30  Refinery, Factory Reactor  
  71  5:32  Combat Shield  
  71  5:37  SCV x2  
  71  5:40  Marine  
  71  5:41  Marine  
  75  5:43  Marauder x2  
  75  5:48  Supply Depot  
  79  5:50  SCV x2  
  79  5:54  Medivac  
  83  5:57  Marine, Supply Depot  
  83  5:59  Marine  
  83  6:01  Medivac  
  87  6:08  Marauder x2  
  87  6:09  SCV  
  94  6:11  Widow Mine  
  94  6:12  Supply Depot  
  94  6:14  Widow Mine  
  94  6:15  Marine  
  94  6:17  Marine  
  98  6:27  Concussive Shells  
  98  6:31  Command Center  
  98  6:34  Medivac  
  98  6:35  Medivac  
  102  6:40  Marauder x2  
  102  6:41  Marine x2, Supply Depot  
  102  6:42  Supply Depot  
  108  6:53  SCV x2  
  109  6:57  Factory Tech Lab  
  109  7:01  Barracks  
  109  7:02  Barracks  
  109  7:04  Marauder x2, Marine x2  
  109  7:05  SCV x2  
  115  7:14  Medivac x2  
  116  7:17  SCV  
  116  7:18  SCV, Terran Infantry Armor Level 1  
  116  7:22  Marine  
  117  7:23  Marine  
  117  7:26  Marauder x2  
  117  7:27  Supply Depot  
  122  7:32  SCV x2  
  112  7:45  Orbital Command  
  112  7:48  SCV x2  
  67  7:51  Viking x2  
  112  7:53  Marauder, Marine  
  112  7:54  Marauder, Marine  
  122  7:58  Marine  
  122  7:59  Marine  
  124  8:08  Marauder  
  126  8:13  Marine x2, Orbital Command  
  126  8:15  Marauder x2  
  126  8:16  Marine  
  133  8:21  Viking x2  
  137  8:29  Marauder, Supply Depot  
  137  8:32  Marine x3  
  141  8:34  Marine  
  141  8:36  Marauder  
  128  8:52  Marauder x2  
  128  8:53  Viking  
  128  8:58  Marauder  
  128  8:59  Viking  
  130  9:13  Marauder  
  130  9:14  Marauder  
  130  9:16  Marine  
  130  9:17  Marine x2  
  135  9:19  Marauder  
  139  9:28  Medivac  
  139  9:29  Medivac  
  140  9:37  Marauder x2  
  135  9:44  Marine x3  
  135  9:57  Marauder  
  135  9:58  Marauder  
  131  10:03  Marine x3  
  131  10:04  Marine  
  113  10:17  Marauder  
  113  10:18  Marine  
  114  10:31  Marauder  
  116  10:36  Marine x2  
  113  10:44  Marauder  
  113  10:47  Marine  
  113  10:48  Marine x2  
Tags
 
Add a new tag
Caveats
  • Supply blocks, unpowered buildings, or Contaminate may cause inaccurate times.
  • Supply counts are checked every 10 seconds.